 Dungeon Crawl Stone Soup version 0.29.1-15-g9cfb28693d (webtiles) character file.

Game seed: 4135240195323339615

1383 Artool the Trooper (level 8, -5/66 HPs)
             Began as a Demonspawn Fighter on Apr 6, 2023.
             Was an Initiate of Hepliaklqana.
             Killed from afar by Maggie (9 damage)
             ... with a bolt of fire
             ... on level 6 of the Dungeon.
             The game lasted 00:15:08 (8196 turns).

Artool the Trooper (Demonspawn Fighter)             Turns: 8196, Time: 00:15:08

Health: -5/66      AC: 11    Str: 19    XL:     8   Next: 40%
Magic:  8/8        EV:  9    Int: 10    God:    Hepliaklqana [......]
Gold:   98         SH:  4    Dex: 12    Spells: 7/7 levels left

rFire   . . .      SeeInvis .   z - +1 whip (venom)
rCold   + . .      Faith    .   c - +0 buckler
rNeg    . . .      Spirit   .   b - +0 scale mail
rPois   .          Reflect  .   (no helmet)
rElec   .          Harm     .   q - +0 cloak
rCorr   .          Rampage  .   f - +0 pair of gloves
Will    .....                   (no boots)
Stlth   ..........              (no amulet)
HPRegen 0.21/turn               s - ring of protection from cold
MPRegen 0.11/turn               (no ring)

@: mesmerised
A: rugged brown scales 1, ignite blood 1, spiny 1
a: Renounce Religion


You were on level 6 of the Dungeon.
You worshipped Hepliaklqana.
Hepliaklqana was noncommittal.
You visited 2 branches of the dungeon, and saw 7 of its levels.
You also visited: Sewer.

You collected 210 gold pieces.
You spent 112 gold pieces at shops.

Inventory:

Hand Weapons
 a - a +0 flail
 k - a +0 whip
 x - a +2 hand axe of flaming
 z - a +1 whip of venom (weapon)
Missiles
 h - 12 boomerangs (quivered)
Armour
 b - a +0 scale mail (worn)
 c - a +0 buckler (worn)
 f - a +0 pair of gloves (worn)
 p - the +1 robe of Demons {rElec rC++}
   (You found it on level 2 of the Dungeon)

   rC:        It greatly protects you from cold.
   rElec:     It insulates you from electricity.
 q - a +0 cloak (worn)
Jewellery
 s - a ring of protection from cold (left hand)
Scrolls
 e - 3 scrolls of blinking {unknown}
 m - 2 scrolls of butterflies {unknown}
 n - 3 scrolls of identify {unknown}
 o - 2 scrolls of enchant weapon {unknown}
 t - 2 scrolls of teleportation {unknown}
 u - a scroll of vulnerability {unknown}
 y - 2 scrolls of poison {unknown}
 A - a scroll of immolation {unknown}
 B - a scroll of summoning {unknown}
 E - a scroll of fear {unknown}
Potions
 d - 3 potions of might
 g - 2 potions of magic {unknown}
 i - 4 potions of heal wounds
 j - a potion of invisibility {unknown}
 l - a potion of cancellation {unknown}
 r - 7 potions of curing
 v - 4 potions of resistance {unknown}
 w - 3 potions of mutation {unknown}
 C - a potion of attraction {unknown}
 D - 2 potions of berserk rage {unknown}
 F - 2 potions of haste {unknown}
 G - a potion of brilliance {unknown}


   Skills:
 + Level 6.6 Fighting
 + Level 5.6 Maces & Flails
 + Level 6.1 Armour
 - Level 2.6 Shields


You had 7 spell levels left.
You didn't know any spells.
Your spell library was empty.

Dungeon Overview and Level Annotations

Branches:
Dungeon (6/15)             Temple (1/1) D:4           Sewer (visited)

Altars:
Ashenzari
Cheibriados
Dithmenos
Fedhas
Gozag
Hepliaklqana
Makhleb
Nemelex Xobeh
Okawaru
Qazlal
Ru
Sif Muna
Trog
Uskayaw
Vehumet
Wu Jian
Xom
Yredelemnul

Shops:
D:6 !

Annotations:
D:5 Menkaure
D:6 Maggie


Innate Abilities, Weirdness & Mutations

You are partially covered in rugged brown scales. (AC +1, +3% HP)
Your demonic aura sometimes causes spilled blood to erupt in flames.
You are partially covered in sharp spines.


Message History

Maggie burns you.
You hit Maggie but do no damage.
Maggie is moderately wounded.
Maggie closely misses you.
Unknown command.
You closely miss Maggie.
Maggie is moderately wounded.
You hit Maggie but do no damage.
Maggie is moderately wounded.
Maggie hits you with a +0 war axe of flaming!
Maggie burns you.
You hit Maggie but do no damage.
Maggie looks as sick as possible!
Maggie is moderately wounded.
Maggie barely misses you.
You hit Maggie.
Maggie looks as sick as possible!
Maggie is heavily wounded.
Maggie points at you and mumbles some strange words.
The bolt of fire hits you!
You hit Maggie but do no damage.
Maggie looks as sick as possible!
Maggie is heavily wounded.
Maggie barely misses you.
You closely miss Maggie.
Maggie is heavily wounded.
Maggie hits you but does no damage.
You hit Maggie.
Maggie looks as sick as possible!
Maggie is heavily wounded.
Maggie gestures at you while chanting. The bolt of fire hits you!!
* * * LOW HITPOINT WARNING * * *
You hit Maggie.
Maggie looks as sick as possible!
Maggie is severely wounded.
Maggie hits you with a +0 war axe of flaming.
* * * LOW HITPOINT WARNING * * *
Maggie burns you.
* * * LOW HITPOINT WARNING * * *
You hit Maggie.
Maggie looks as sick as possible!
Maggie is severely wounded.
Maggie casts a spell at you. The bolt of fire hits you!
You die...

#..##.#.#..+∩'.....#
#.. #.#^#.##'##....#
#.. #.#.#.#...######
... .#.#.#.#.#
#.....# ###.#####
#......# #....#.#
#....#@# ######@#
#5# #.# #?# #.# $..
... ...


You could see Maggie (mesmerising, extremely poisoned) and a white imp.

Vanquished Creatures
  Sigmund (D:6)
  A water moccasin (D:6)
  A black bear (D:6)
  2 bullfrogs (Sewer)
  2 scorpions
  3 wights (D:6)
  A vampire bat (D:4)
  Crazy Yiuf (D:2)
  4 hounds (D:5)
  An iguana (D:6)
  An orc wizard (D:5)
  5 gnolls (D:5)
  2 river rats (Sewer)
  14 adders
  2 ufetubi
  3 worms
  5 dart slugs
  6 orcs
  8 ball pythons
  6 endoplasms
  6 giant cockroaches
  7 goblins
  7 hobgoblins
  5 quokkas
  11 bats
  6 frilled lizards
  12 kobolds
  31 rats
154 creatures vanquished.

Vanquished Creatures (others)
  An orc wizard (D:3)
1 creature vanquished.

Grand Total: 155 creatures vanquished

Notes
Turn   | Place    | Note
-------+----------+-------------------------------------------
     0 | D:1      | Artool the Demonspawn Fighter began the quest for the Orb.
     0 | D:1      | Reached XP level 1. HP: 18/18 MP: 1/1
   388 | D:1      | Gained mutation: Your demonic aura sometimes causes spilled
                  | blood to erupt in flames. [demonic ancestry]
   388 | D:1      | Reached XP level 2. HP: 21/24 MP: 2/2
   509 | D:1      | Found a faded altar of an unknown god.
   585 | D:1      | You fall into a shaft and drop 1 floor!
   953 | D:2      | Reached XP level 3. HP: 29/29 MP: 3/3
   980 | D:2      | Found a runed translucent door.
   981 | D:2      | Noticed Crazy Yiuf
  1405 | D:2      | Identified the +1 robe of Demons {rElec rC++}
  1792 | D:2      | Killed Crazy Yiuf
  1793 | D:2      | Gained mutation: You are partially covered in rugged brown
                  | scales. (AC +1, +3% HP) [demonic ancestry]
  1793 | D:2      | Reached XP level 4. HP: 17/38 MP: 4/4
  2456 | D:3      | Found a hide-covered altar of Uskayaw.
  3008 | D:3      | Reached XP level 5. HP: 36/43 MP: 5/5
  3069 | D:3      | Identified the +7 short sword of Departure {venom, Dex+4}
  3504 | D:4      | Found a staircase to the Ecumenical Temple.
  3517 | Temple   | Entered the Ecumenical Temple
  3517 | Temple   | Found a transporter.
  3517 | Temple   | Found a transporter.
  3530 | Temple   | Found a transporter.
  3530 | Temple   | Found a transporter.
  3632 | D:4      | Found an ornate altar of the Wu Jian Council.
  4542 | D:3      | Reached XP level 6. HP: 6/50 MP: 6/6
  4855 | D:3      | HP: 2/50 [poisoned by a scorpion]
  5239 | D:4      | Found Gytreih's Armour Boutique.
  5587 | D:5      | Entered Level 5 of the Dungeon
  5604 | D:5      | Found a glowing drain.
  5623 | Sewer    | Entered a sewer
  5767 | Sewer    | Reached skill level 5 in Fighting
  5968 | Sewer    | Reached XP level 7. HP: 55/57 MP: 7/7
  6244 | D:5      | Found a hazy altar of Hepliaklqana.
  6250 | D:5      | Found an opulent altar of Gozag.
  6278 | D:5      | Reached skill level 5 in Armour
  6296 | D:5      | Became a worshipper of Hepliaklqana the Forgotten
  6437 | D:5      | Noticed Menkaure
  7575 | D:5      | Reached skill level 5 in Maces & Flails
  7741 | D:6      | Gained mutation: You are partially covered in sharp spines.
                  | [demonic ancestry]
  7741 | D:6      | Reached XP level 8. HP: 37/65 MP: 8/8
  8029 | D:6      | Noticed Sigmund
  8037 | D:6      | Killed Sigmund
  8058 | D:6      | Noticed a two-headed ogre
  8151 | D:6      | Found Dolidom's Distillery.
  8154 | D:6      | Bought a potion of heal wounds for 70 gold pieces
  8154 | D:6      | Bought a potion of curing for 42 gold pieces
  8174 | D:6      | Noticed Maggie
  8196 | D:6      | Killed from afar by Maggie

Illustrated notes

Levels and vault maps discovered:
D:1:      zelgadis_glass_arrival_small, layout_rooms,
          hellmonk_ecumenical_altar_zigzags, chequers_serial_rivers_micro_b
D:2:      layout_basic, uniq_crazy_yiuf_cottage
D:3:      layout_loops_corners, lemuel_crystal_altar, minmay_misc_feat_plants
D:4:      layout_loops_ring, mainiacjoe_overflow_six_doors_small,
          minmay_temple_entry_grid, serial_shops, shop,
          kennysheep_cluttered_room, roderic_batcave, minivault_27
D:5:      layout_basic, mainiacjoe_overflow_catwalk_spiral,
          portal_sewer_entry_f, minmay_circle_x, uniq_menkaure
D:6:      layout_basic, serial_shops, shop, nicolae_shop_behind_doors,
          wad_floor_pattern_2, lightli_orcish_oven, uniq_maggie, uniq_sigmund,
          uniq_pikel
Temple:   hellmonk_temple_divided_pantheon

Skill      XL: |  1  2  3  4  5  6  7  8 |
---------------+-------------------------+-----
Maces & Flails | 2 3 4 5 |  5.6
Armour         | 3 4 5 6 |  6.1
Fighting       | 4 5 6 |  6.6
Shields        | |  2.6

Action                   |  1- 3 |  4- 6 |  7- 9 || total
-------------------------+-------+-------+-------++-------
Melee: Flail             |    37 |       |       ||    37
       Whip              |    81 |   368 |   138 ||   587
       Hand axe          |       |     9 |       ||     9
Throw: Boomerang         |       |       |    19 ||    19
  Use: Potion            |       |       |     1 ||     1
Armor: Scale mail        |    46 |   236 |    53 ||   335
Dodge: Dodged            |    34 |   203 |    79 ||   316
Block: Buckler           |    23 |    92 |    25 ||   140
